 Dungeon Crawl Stone Soup version 0.23-a0-767-gdc19b93 (webtiles) character file.

136 TheGoonsmith the Shooter (level 4, 0/35 HPs)
             Began as a Centaur Arcane Marksman on Jan 19, 2019.
             Succumbed to an orc's poison
             ... on level 3 of the Dungeon.
             The game lasted 00:04:52 (2020 turns).

TheGoonsmith the Shooter (Centaur Arcane Marksman)  Turns: 2020, Time: 00:04:52

Health: 0/35       AC:  6    Str: 12      XL:     4   Next: 98%
Magic:  5/5        EV:  9    Int: 13      God:
Gold:   135        SH:  0    Dex:  9 (10) Spells: 4/5 levels left

rFire    . . .     SeeInvis .   b - +1 short sword (elec)
rCold    . . .     Gourm    .   (no shield)
rNeg     . . .     Faith    .   e - +0 robe
rPois    .         Spirit   .   (no helmet)
rElec    .         Reflect  .   (no cloak)
rCorr    .         Harm     .   j - +1 pair of gloves
MR       .....                  (no barding)
Stlth    +.........             (no amulet)
HPRegen  0.11/turn              (no ring)
MPRegen  0.09/turn              (no ring)

@: lethally poisoned (0 -> -5), hasted, very quick
A: large, hooves 3, deformed body, speed 2, tough skin 3
a: no special abilities


You were on level 3 of the Dungeon.
You were not hungry.

You visited 1 branch of the dungeon, and saw 3 of its levels.

You collected 135 gold pieces.

Inventory:

Hand Weapons
 a - a +0 shortbow
 b - a +1 short sword of electrocution (weapon)
Missiles
 d - 20 arrows
Armour
 e - a +0 robe (worn)
 j - a +1 pair of gloves (worn)
Jewellery
 m - an uncursed ring of stealth {unknown}
Wands
 l - a wand of iceblast (7)
Scrolls
 c - a scroll of random uselessness {unknown}
 g - a scroll of amnesia {unknown}
 h - a scroll of immolation {unknown}
 n - a scroll of fear {unknown}
 o - a scroll of remove curse {unknown}
 p - a scroll of identify {unknown}
Comestibles
 f - 7 rations


   Skills:
 + Level 1.2 Fighting
 + Level 0.4 Short Blades
 * Level 6.7 Bows
 - Level 1.3 Dodging
 - Level 1.0 Spellcasting
 - Level 2.6 Hexes


You had 4 spell levels left.
You knew the following spells:

 Your Spells              Type           Power        Failure   Level  Hunger
a - Corona                Hex            #......      10%         1    ##.....

Your spell library contained the following spells:

 Spells                   Type           Power        Failure   Level  Hunger
 Slow                     Hex            #.......     14%         2    ###....
 Inner Flame              Hex/Fire       #.......     43%         3    ####...
 Portal Projectile        Hex/Tloc       #.....       43%         3    ####...
 Cause Fear               Hex            #.........   67%         4    #####..
 Leda's Liquefaction      Hex/Erth       #.........   85%         4    #####..


Dungeon Overview and Level Annotations

Branches:
Dungeon (3/15)

Altars:
Elyvilon
Fedhas
Gozag
Hepliaklqana
Nemelex Xobeh

Shops:
D:2 *

Annotations:
D:3 Jessica


Innate Abilities, Weirdness & Mutations

You have hooves in place of feet.
Armour fits poorly on your strangely shaped body.
You cover ground very quickly.
You have extremely tough skin. (AC +3)


Message History

You feel sick.
You aren't carrying any potions.
* * * LOW HITPOINT WARNING * * *
You feel sick.
* * * LOW HITPOINT WARNING * * *
You feel sick.
* * * LOW HITPOINT WARNING * * *
You feel sick.
A bat comes into view.
The bat misses you.
You hit the bat.
You kill the bat!
* * * LOW HITPOINT WARNING * * *
You feel sick.
Jessica the Apprentice Sorceress comes into view.
Jessica shouts!
Jessica casts a spell.
Jessica blinks!
Found a stone staircase leading down.
You die...

#....# ####....#
#.......# ##.##....#
#..##....# ##.####.### .
#..# #.#
.ยง..########.#####.#####
........@..............#
....#...########....##.#
. #.### #....##.# ...
####.......# ...>
##.......#### .....
#..##....#
.....#######.###....#
.......).....# #....#
..####...## ###.##


There were no monsters in sight!

Vanquished Creatures
  An orc priest (D:3)
  4 adders (D:2)
  An ooze (D:2)
  3 worms (D:2)
  3 dart slugs (D:1)
  2 leopard geckos
  2 orcs (D:3)
  6 bats
  A giant cockroach (D:1)
  6 goblins
  3 hobgoblins
  3 jackals (D:2)
  5 kobolds
  4 frilled lizards
  6 rats
50 creatures vanquished.

Notes
Turn   | Place    | Note
-------+----------+-------------------------------------------
     0 | D:1      | TheGoonsmith the Centaur Arcane Marksman began the quest
                  | for the Orb.
     0 | D:1      | Reached XP level 1. HP: 16/16 MP: 2/2
    15 | D:1      | Reached skill level 3 in Bows
    54 | D:1      | Reached XP level 2. HP: 23/23 MP: 3/3
    79 | D:1      | Reached skill level 4 in Bows
   523 | D:2      | Reached XP level 3. HP: 24/28 MP: 4/4
   581 | D:2      | Found a hazy altar of Hepliaklqana.
   611 | D:2      | Reached skill level 5 in Bows
  1105 | D:2      | Reached XP level 4. HP: 12/35 MP: 5/5
  1144 | D:2      | HP: 1/35 [poisoned by an adder]
  1149 | D:2      | HP: 1/35 [poisoned by an adder]
  1526 | D:2      | Reached skill level 6 in Bows
  1604 | D:2      | Found a blossoming altar of Fedhas.
  1704 | D:2      | Found a white marble altar of Elyvilon.
  1705 | D:2      | Found a sparkling altar of Nemelex Xobeh.
  1830 | D:2      | Found an opulent altar of Gozag.
  1830 | D:2      | Found Gozag's Platinum Reserve.
  1974 | D:3      | Noticed a bullfrog
  2017 | D:3      | HP: 1/35 [poisoned by an orc]
  2018 | D:3      | Noticed Jessica
  2020 | D:3      | Succumbed to an orc's poison

Vault maps used:
D:1:      minmay_arrival_diagonal_passages, minmay_pentomino_v2
D:2:      nicolae_gozag_zags_fifth_avenue, nicolae_overflow_hidden_temple,
          fedhas_altar_fruit_tree
D:3:      uniq_jessica, uniq_crazy_yiuf_cottage

Skill      XL: |  1  2  3  4 |
---------------+-------------+-----
Bows           | 3 4 5 6 |  6.7
Fighting       | |  1.2
Short Blades   | |  0.4
Dodging        | |  1.3
Spellcasting   | |  1.0
Hexes          | |  2.6

Action                   |  1- 3 |  4- 6 || total
-------------------------+-------+-------++-------
Melee: Short sword       |    68 |    41 ||   109
       Kick              |     7 |     7 ||    14
 Fire: Shortbow          |    16 |       ||    16
  Use: Potion            |     2 |     1 ||     3
       Scroll            |       |     1 ||     1
  Eat: Chunk             |       |     2 ||     2
Armor: Robe              |    17 |    19 ||    36
Dodge: Dodged            |    29 |    14 ||    43

Table legend:
 A = Non-vault XP
 B = Vault XP
 C = Vault XP percentage of total XP
 D = Non-vault monster count
 E = Vault monster count
 F = Vault count percentage of total count
                 A         B        C        D         E       F
            +---------+---------+-------+---------+---------+-------
      Total |     193 |       2 |   1.0 |      49 |       1 |   2.0
            +---------+---------+-------+---------+---------+-------
        D:1 |      38 |       2 |   5.0 |      19 |       1 |   5.0
        D:2 |     106 |       0 |   0.0 |      26 |       0 |   0.0
        D:3 |      49 |       0 |   0.0 |       4 |       0 |   0.0
            +---------+---------+-------+---------+---------+-------
